 Dungeon Crawl Stone Soup version 0.16-a0-702-gf4f471d (webtiles) character file.

7842 Foahim the Carver (level 11, -3/93 HPs)
             Began as a Pale Draconian Fighter on Sept 20, 2014.
             Was a Follower of Ru.
             Killed from afar by Nergalle (54 damage)
             ... with a bolt of negative energy
             ... on Level 10 of the Dungeon.
             The game lasted 01:05:57 (7706 turns).

Foahim the Carver (Pale Draconian Fighter)          Turns: 7706, Time: 01:05:57

HP  -3/93        AC 11     Str 21      XL: 11   Next:  2%
MP  11/11        EV 17     Int 11      God: Ru [*.....]
Gold 619         SH  8     Dex 16      Spells:  0 memorised, 10 levels left

rFire  . . .     SeeInvis .     x - +9 long sword "Fygicyv" {freeze, Dex+1 Int+3}
rCold  . . .     Clarity  .     (armour unavailable)
rNeg   . . .     rCorr    .     i - +2 buckler
rPois  .         rRot     .     M - +1 hat
rElec  .         Spirit   .     p - +0 cloak
SustAb .         Warding  .     b - +0 pair of gloves (curse)
rMut   .         Stasis   .     d - +0 pair of boots
Gourm  .                        (no amulet)
MR     .....                    (no ring)
                                I - +3 ring of dexterity

@: drained, not resistant to hostile enchantments, unstealthy
A: breathe steam, unfitting armour, cold-blooded, no charms magic, no fire
magic, no hexes magic, AC +7
a: Breathe Steam, Renounce Religion


You were on level 10 of the Dungeon.
You worshipped Ru.
Ru was aware of your devotion.
You were full.

You visited 2 branches of the dungeon, and saw 11 of its levels.

You collected 619 gold pieces.

Inventory:

Hand weapons
 a - a +0 trident
 w - a cursed -2 war axe
 x - the +9 long sword "Fygicyv" (weapon) {freeze, Dex+1 Int+3}
   (You found it on level 4 of the Dungeon)

   It has been specially enchanted to freeze those struck by it, causing extra
   injury to most foes and up to double damage against particularly susceptible
   opponents.
   It can also slow down cold-blooded creatures.
   It affects your intelligence (+3).
   It affects your dexterity (+1).
 D - a +0 spear
 S - a +3 dagger of chaos
Missiles
 n - 4 curare-tipped needles
Armour
 b - a cursed +0 pair of gloves (worn)
 d - a +0 pair of boots (worn)
 i - a +2 buckler (worn)
 p - a +0 cloak (worn)
 M - a +1 hat (worn)
Magical devices
 F - a wand of digging (7)
 K - a wand of invisibility (4)
 P - a wand of flame (7)
Comestibles
 s - 2 meat rations
 t - 5 royal jellies
 z - 7 bread rations
 B - 2 fruits
 J - 2 slices of pizza
Scrolls
 c - a scroll of brand weapon {unknown}
 g - 5 scrolls of fog {unknown}
 h - a scroll of blinking {unknown}
 l - 4 scrolls of identify
 q - 2 scrolls of enchant weapon {unknown}
 r - 2 scrolls of enchant armour {unknown}
 u - a scroll of fear
 y - a scroll of immolation
 C - 4 scrolls of remove curse
 H - 2 scrolls of teleportation {unknown}
 L - a scroll of amnesia {unknown}
Jewellery
 o - an uncursed ring of ice
 I - a +3 ring of dexterity (left hand)
 R - an uncursed ring of poison resistance
Potions
 e - a potion of porridge
 f - a potion of restore abilities
 j - 3 potions of haste
 k - a potion of heal wounds {unknown}
 m - 7 potions of curing
 v - a potion of brilliance
 A - a potion of resistance {unknown}
 G - a potion of cure mutation
 N - a potion of poison {unknown}
 O - a potion of berserk rage {unknown}
 Q - a potion of magic {unknown}
Books
 T - a book of Annihilations {highlevel, unknown}

   This book is beyond your current level of understanding.

   Spells                             Type                      Level
   Poison Arrow                       Conjuration/Poison           6
   Chain Lightning                    Conjuration/Air              8
   Lehudib's Crystal Spear            Conjuration/Earth            8
   Glaciate                           Conjuration/Ice              9
   Fire Storm                         Conjuration/Fire             9
Magical staves
 E - an uncursed staff of power {unknown}
Miscellaneous
 U - a plain deck of changes


   Skills:
 + Level 7.7(6.8) Fighting
 * Level 10.2(9.2) Long Blades
 - Level 3.4(2.6) Polearms
 + Level 8.2(7.3) Dodging
 + Level 4.1(3.3) Stealth
 + Level 7.5(6.6) Shields
 + Level 0.2(0.0) Evocations


You had 10 spell levels left.
You didn't know any spells.

Dungeon Overview and Level Annotations

Branches:
Dungeon (10/15)            Temple (1/1) D:6             Orc (0/4) D:9
   Lair: D:8-11

Altars:
Ashenzari
Cheibriados
Dithmenos
Elyvilon
Fedhas
Gozag
Kikubaaqudgha
Makhleb
Nemelex Xobeh
Okawaru
Qazlal
Ru
Sif Muna
Trog
Vehumet
Xom
Yredelemnul
Zin
The Shining One

Annotations:
D:10 Nergalle


Innate Abilities, Weirdness & Mutations

You can breathe blasts of scalding steam.
Your pale cyan-grey scales are hard (AC +7).
Your body does not fit into most forms of armour.
Your cold-blooded metabolism reacts poorly to cold.
You cannot study or cast Charms magic.
You cannot study or cast Fire magic.
You cannot study or cast Hexes magic.


Message History

Nergalle casts a spell at you.
Orcish apparitions take form around you.
You hit the spectral orc.
The spectral orc is severely damaged.
Nergalle casts a spell at the spectral orc.
The spectral orc seems to speed up.
You hit the spectral orc.
You tail-slap the spectral orc, but do no damage.
The spectral orc is almost destroyed.
The spectral orc closely misses you. The spectral orc barely misses you.
You hit the spectral orc.
You destroy the spectral orc!
The spectral orc knight barely misses you. x2
You block the spectral orc knight's attack.
You closely miss Nergalle.
The spectral orc knight hits you with a great sword!
Nergalle gestures at you while chanting.
The bolt of negative energy hits you!
You feel drained.
Ouch! That really hurt!
You die...

..........#..#
.........###.#########
...#.####.#....%.......
#.#............######
###..#######.#.# #..#
#.#.# #..# #...# #.
#..# ####.#######.#
#..## .)#
#...ZZ@o.....# #.... (
#.##.######..# ##... #
#.# #### #.# #.# #.#
#.# ... #..


You could see Nergalle and 2 spectral orc knights.

Vanquished Creatures
  The ghost of Afay the Nimble, an experienced TrMo of Okawaru (D:10)
  A hill giant (D:10)
  The ghost of aves the Basher, an experienced VSSk (D:7)
  Psyche (D:10)
  A hill giant zombie (D:9)
  Eustachio (D:10)
  4 hippogriffs
  A spriggan (D:7)
  A hungry ghost (D:8)
  Menkaure (D:5)
  2 black bears
  4 orc warriors
  5 phantoms
  A sky beast (D:5)
  2 ice beasts
  3 ogres
  A big kobold (D:8)
  2 centaurs
  A komodo dragon skeleton (D:10)
  6 giant frogs
  8 killer bees
  2 troll zombies (D:9)
  4 scorpions
  13 wights
  3 crimson imps
  4 goliath beetles
  A centaur skeleton (D:4)
  3 jellies
  7 hounds
  8 orc priests
  5 iguanas
  9 orc wizards
  6 worker ants
  Ijyb (D:5)
  4 ogre zombies (D:9)
  Terence (D:2)
  2 mummies
  8 adders
  3 worms
  An adder zombie (D:9)
  5 orc skeletons
  An iguana skeleton (D:9)
  2 oozes
  36 orcs
  10 bats
  A bat zombie (D:7)
  15 goblins
  12 hobgoblins
  25 jackals
  6 quokkas
  6 giant cockroaches
  8 giant geckos
  3 giant newts
  A goblin skeleton (D:9)
  3 goblin zombies
  A hobgoblin skeleton (D:9)
  2 hobgoblin zombies (D:9)
  14 kobolds
  2 kobold skeletons
  12 orc zombies (D:9)
  25 rats
  A rat skeleton (D:6)
  A rat zombie (D:6)
  A spectral orc (D:10)
  2 ballistomycetes (D:5)
328 creatures vanquished.

Vanquished Creatures (others)
  A jackal (D:5)
  A giant spore (D:5)
2 creatures vanquished.

Grand Total: 330 creatures vanquished

Notes
Turn   | Place    | Note
--------------------------------------------------------------
     0 | D:1      | Foahim, the Draconian Fighter, began the quest for the Orb.
     0 | D:1      | Reached XP level 1. HP: 19/19 MP: 1/1
    86 | D:1      | Reached XP level 2. HP: 23/26 MP: 2/2
   416 | D:2      | Reached XP level 3. HP: 31/33 MP: 3/3
   495 | D:2      | Found a white marble altar of Elyvilon.
   883 | D:2      | Noticed Terence
   890 | D:2      | Killed Terence
  1285 | D:2      | Reached XP level 4. HP: 40/40 MP: 4/4
  1295 | D:2      | Found a glowing golden altar of the Shining One.
  1373 | D:2      | Noticed a moth of wrath
  1376 | D:2      | Found a bloodstained altar of Trog.
  1890 | D:3      | Reached skill level 4 in Fighting
  2044 | D:3      | Reached XP level 5. HP: 41/46 MP: 5/5
  2453 | D:4      | Reached XP level 6. HP: 50/53 MP: 6/6
  2541 | D:4      | Noticed a phantom
  2625 | D:4      | Killed a phantom
  2917 | D:4      | Reached skill level 5 in Shields
  2928 | D:4      | Got an ivory long sword
  2929 | D:4      | Identified the cursed +9 long sword "Fygicyv" {freeze, Dex+1 Int+3} (You found it on level 4 of the Dungeon)
  3129 | D:4      | Reached skill level 1 in Long Blades
  3129 | D:4      | Your scales start fading to a pale cyan-grey colour.
  3129 | D:4      | Reached XP level 7. HP: 60/60 MP: 7/7
  3162 | D:4      | Reached skill level 1 in Stealth
  3203 | D:4      | Noticed a hippogriff
  3223 | D:4      | Killed a hippogriff
  3223 | D:4      | Reached skill level 5 in Dodging
  3466 | D:5      | Entered Level 5 of the Dungeon
  3539 | D:5      | Noticed Ijyb
  3550 | D:5      | Killed Ijyb
  3554 | D:5      | Noticed Menkaure
  3568 | D:5      | Killed Menkaure
  3662 | D:5      | Reached skill level 5 in Fighting
  3662 | D:5      | Reached XP level 8. HP: 44/68 MP: 8/8
  4336 | D:6      | Found a shadowy altar of Dithmenos.
  4409 | D:6      | Found a staircase to the Ecumenical Temple.
  4430 | Temple   | Entered the Ecumenical Temple
  4843 | D:6      | Found a glowing silver altar of Zin.
  5013 | D:6      | Reached skill level 6 in Shields
  5090 | D:7      | Found a shattered altar of Ashenzari.
  5105 | D:7      | Reached skill level 5 in Long Blades
  5153 | D:7      | Reached XP level 9. HP: 64/75 MP: 9/9
  5534 | D:7      | Noticed aves' ghost (experienced VSSk)
  5576 | D:7      | Killed aves' ghost
  5614 | D:7      | Reached skill level 7 in Long Blades
  5979 | D:8      | Reached skill level 8 in Long Blades
  5992 | D:8      | Found a shimmering altar of Xom.
  6003 | D:8      | Reached XP level 10. HP: 60/84 MP: 10/10
  6013 | D:8      | Found a shattered altar of Ashenzari.
  6013 | D:8      | Found an ancient bone altar of Kikubaaqudgha.
  6094 | D:8      | Found a sacrificial altar of Ru.
  6116 | D:8      | Became a worshipper of Ru the Awakened
  6666 | D:9      | Found a staircase to the Orcish Mines.
  6770 | D:9      | Reached skill level 9 in Long Blades
  7326 | D:9      | Gained mutation: You cannot study or cast Charms magic. [Ru sacrifice]
  7326 | D:9      | Gained mutation: You cannot study or cast Hexes magic. [Ru sacrifice]
  7326 | D:9      | Gained mutation: You cannot study or cast Fire magic. [Ru sacrifice]
  7326 | D:9      | Acquired Ru's first power
  7328 | D:10     | Entered Level 10 of the Dungeon
  7355 | D:10     | Noticed Psyche
  7363 | D:10     | Killed Psyche
  7457 | D:10     | Noticed a hill giant
  7458 | D:10     | Noticed Eustachio
  7465 | D:10     | Killed a hill giant
  7475 | D:10     | Killed Eustachio
  7475 | D:10     | Reached skill level 10 in Long Blades
  7484 | D:10     | Noticed Afay's ghost (experienced TrMo)
  7511 | D:10     | Killed Afay's ghost
  7621 | D:10     | Reached XP level 11. HP: 42/93 MP: 11/11
  7699 | D:10     | Noticed Nergalle
  7706 | D:10     | Killed from afar by Nergalle

Action                   |  1- 3 |  4- 6 |  7- 9 | 10-12 || total
-------------------------+-------+-------+-------+-------++-------
Melee: Trident           |    94 |       |       |       ||    94
       Spear             |    85 |   286 |       |       ||   371
       Long sword        |       |    24 |   258 |   269 ||   551
Invok: Sacrifice Arcana  |       |       |       |     1 ||     1
 Abil: Breathe Steam     |       |       |    19 |    12 ||    31
Evoke: Wand              |       |       |       |     2 ||     2
  Use: Potion            |     1 |       |     5 |       ||     6
       Scroll            |       |       |     9 |     3 ||    12
 Stab: Sleeping          |     1 |       |     2 |     2 ||     5
       Distracted        |       |       |       |     1 ||     1
  Eat: Pizza             |     1 |     1 |       |     1 ||     3
       Bread ration      |       |     1 |     1 |       ||     2
       Beef jerky        |       |     1 |     1 |       ||     2
       Meat ration       |       |       |     1 |     2 ||     3
